 Dungeon Crawl Stone Soup version 0.17-a0-1979-g1c74939 (webtiles) character file.

36 brucemayne the Chopper (level 3, 0/31 HPs)
             Began as a Hill Orc Berserker on Oct 5, 2015.
             Was a Follower of Trog.
             Killed by nerve-wracking pain
             ... invoked by a shadow imp
              (13 damage)
             ... on level 5 of the Dungeon.
             The game lasted 00:01:29 (336 turns).

brucemayne the Chopper (Hill Orc Berserker)          Turns: 336, Time: 00:01:29

Health: 0/31       AC:  9    Str: 20    XL:     3   Next: 37%
Magic:  3/3        EV:  8    Int:  7    God:    Trog [*.....]
Gold:   45         SH:  0    Dex: 10    Spells: 0 memorised, 2 levels left

rFire  . . .     SeeInvis .     a - +0 hand axe
rCold  . . .     Clarity  .     j - +0 chain mail
rNeg   . . .     SustAt   .     (no shield)
rPois  .         Gourm    .     f - +0 helmet (curse)
rElec  .         Spirit   .     (no cloak)
rCorr  .         Warding  .     (no gloves)
rMut   .         Stasis   .     (no boots)
MR     .....                    (no amulet)
Stlth  ..........               (no ring)
                                (no ring)

@: exhausted, slowed, very slow, not resistant to hostile enchantments,
extremely unstealthy
A: no striking features
a: Burn Spellbooks, Berserk, Renounce Religion


You were on level 5 of the Dungeon.
You worshipped Trog.
Trog was aware of your devotion.
You were very hungry.

You visited 1 branch of the dungeon, and saw 5 of its levels.

You collected 45 gold pieces.

Inventory:

Hand Weapons
 a - a +0 hand axe (weapon)
Missiles
 e - 4 tomahawks (quivered)
Armour
 b - a +0 animal skin
 f - a cursed +0 helmet (worn)
 j - a +0 chain mail (worn)
Scrolls
 i - a scroll of enchant weapon {unknown}
Potions
 d - a potion of curing {unknown}
 g - a potion of might {unknown}
 h - a potion of ambrosia {unknown}
Comestibles
 c - a bread ration


   Skills:
 - Level 3.6 Fighting
 + Level 5.8 Axes
 - Level 2.1 Armour
 - Level 1.5 Dodging


You had 2 spell levels left.
You didn't know any spells.

Dungeon Overview and Level Annotations

Branches:
Dungeon (5/15)
 Temple: D:4-7

Altars:
Cheibriados
Fedhas
Kikubaaqudgha
Nemelex Xobeh
Okawaru
The Shining One


Message History

The crimson imp blinks!
Your chain mail prevents you from hitting the shadow imp.
The shadow imp hits you but does no damage.
You closely miss the shadow imp.
Your chain mail prevents you from hitting the shadow imp.
The shadow imp hits you but does no damage.
You are feeling hungry.
You closely miss the shadow imp.
You are no longer berserk.
You are exhausted.
You feel yourself slow down.
You are feeling very hungry.
The shadow imp hits you but does no damage.
You closely miss the shadow imp. The shadow imp hits you.
The orc hits you but does no damage.
You closely miss the shadow imp. You barely miss the orc.
The shadow imp hits you but does no damage.
The orc hits you but does no damage. The shadow imp gestures at you.
Pain shoots through your body!
You die...

......#
###......#
.. .....# .
..[....###.
.#........
......#
#5o..###
##@.....#
#.....#.#
##..####
#...# #<.##
#..# #..#
...# .####


You could see a shadow imp and an orc.

Vanquished Creatures
  3 adders
  A goblin (D:2)
  2 hobgoblins
  3 bats (D:2)
  A giant gecko (D:2)
  A giant gecko skeleton (D:4)
  A rat (D:2)
12 creatures vanquished.

Notes
Turn   | Place    | Note
--------------------------------------------------------------
     0 | D:1      | brucemayne the Hill Orc Berserker began the quest for the Orb.
     0 | D:1      | Reached XP level 1. HP: 19/19 MP: 1/1
    82 | D:2      | Reached XP level 2. HP: 26/26 MP: 2/2
    87 | D:2      | Reached skill level 5 in Axes
   140 | D:2      | Reached XP level 3. HP: 16/31 MP: 3/3
   289 | D:4      | Found a snail-covered altar of Cheibriados.
   290 | D:4      | Found a sparkling altar of Nemelex Xobeh.
   298 | D:4      | Found a glowing golden altar of the Shining One.
   299 | D:4      | Found an ancient bone altar of Kikubaaqudgha.
   299 | D:4      | Found a blossoming altar of Fedhas.
   300 | D:4      | Found an iron altar of Okawaru.
   321 | D:5      | Entered Level 5 of the Dungeon
   336 | D:5      | Killed from afar by a shadow imp

Vault maps used:
D:1:      tarquinn_simple_flora_water_d
D:3:      uniq_jessica, uniq_grinder
D:4:      lemuel_upstairs_altar, grunt_temple_overflow_open,
          lemuel_coloured_pillars_altar, minmay_temple_entry_fiery, first_bread
D:5:      tso_altar, uniq_eustachio, uniq_sigmund, uniq_menkaure

Action                   || total
-------------------------++-------
Melee: Hand axe          ||    49
Invok: Berserk           ||     3
